 Dungeon Crawl Stone Soup version 0.22.1-1-ga44c0e56f4 (webtiles) character file.

366 Morrissey the Poker (level 6, -2/48 HPs)
             Began as a Merfolk Skald on Nov 7, 2018.
             Killed by divine providence
             ... invoked by an orc priest
              (12 damage)
             ... on level 4 of the Dungeon.
             The game lasted 00:09:49 (4508 turns).

Morrissey the Poker (Merfolk Skald)                 Turns: 4508, Time: 00:09:50

Health: -2/48      AC:  5    Str: 14    XL:     6   Next: 68%
Magic:  4/9        EV: 15    Int: 12    God:
Gold:   169        SH:  0    Dex: 16    Spells: 1/9 levels left

rFire    . . .     SeeInvis .   a - +0 spear
rCold    + . .     Gourm    .   (no shield)
rNeg     . . .     Faith    .   b - +0 leather armour
rPois    .         Spirit   .   (no helmet)
rElec    .         Reflect  .   (no cloak)
rCorr    .         Harm     .   g - +1 pair of gloves {Str+3}
MR       .....                  (no boots)
Stlth    +.........             u - amulet of rage
HPRegen  0.16/turn              p - ring of protection from cold
MPRegen  0.11/turn              (no ring)

@: no status effects
A: change form in water, swift swim, stealthy swim
a: Evoke Berserk Rage


You were on level 4 of the Dungeon.
You were not hungry.

You visited 1 branch of the dungeon, and saw 4 of its levels.

You collected 169 gold pieces.

Inventory:

Hand Weapons
 a - a +0 spear (weapon)
Armour
 b - a +0 leather armour (worn)
 g - a +1 pair of gloves of strength (worn)
Jewellery
 p - a ring of protection from cold (left hand)
 u - an amulet of rage (around neck)
 x - an uncursed amulet of guardian spirit {unknown}
 y - an uncursed ring of ice
Wands
 k - a wand of polymorph (16)
Scrolls
 c - a scroll of teleportation {unknown}
 e - 3 scrolls of remove curse {unknown}
 f - 3 scrolls of identify {unknown}
 h - a scroll of magic mapping {unknown}
 i - a scroll of blinking {unknown}
 m - a scroll of fog {unknown}
 q - 3 scrolls of amnesia {unknown}
 s - a scroll of enchant weapon {unknown}
 w - a scroll of enchant armour {unknown}
Potions
 j - 3 potions of flight {unknown}
 l - a potion of haste {unknown}
 n - a potion of heal wounds {unknown}
 o - a potion of ambrosia {unknown}
 r - 2 potions of mutation {unknown}
 t - a potion of cancellation {unknown}
 z - a potion of degeneration {unknown}
Comestibles
 d - 6 rations
 v - 2 chunks of flesh


   Skills:
 + Level 3.6 Fighting
 * Level 6.1 Polearms
 - Level 0.6 Armour
 * Level 5.5 Dodging
 - Level 2.0 Spellcasting
 + Level 4.4 Charms


You had one spell level left.
You knew the following spells:

 Your Spells              Type           Power        Failure   Level  Hunger
a - Infusion              Chrm           ##..         5%          1    ##.....
b - Song of Slaying       Chrm           ##......     9%          2    ###....
c - Shroud of Golubria    Chrm/Tloc      #.........   22%         2    ###....
d - Regeneration          Chrm/Necr      #.........   38%         3    ####...

Your spell library contained the following spells:

 Spells                   Type           Power        Failure   Level  Hunger
 Spectral Weapon          Hex/Chrm       #.......     38%         3    ####...


Dungeon Overview and Level Annotations

Branches:
Dungeon (4/15)
 Temple: D:4-7

Altars:
Elyvilon


Message History

The scorpion completely misses you.
You hit the scorpion.
You kill the scorpion!
Your magical infusion is running out.
The orc priest invokes the aid of Beogh against you.
Beogh smites you!
The orc priest invokes the aid of Beogh against you.
Beogh smites you!
* * * LOW HITPOINT WARNING * * *
The orc priest begins to cast a cantrip, but forgets the words!
You are no longer magically infusing your attacks.
The orc priest mumbles some strange prayers to Beogh against you.
Beogh smites you!
* * * LOW HITPOINT WARNING * * *
Your song is almost over.
Your song has ended.
There is an open door here.
The orc priest mumbles some strange prayers to Beogh against you.
Beogh smites you!
You die...

...........#.##.##..##......##.##
#.###..#####)##.##..##########.##
#.# #..# #.##.##..###### #.....
#.# #..# #...(....#....# #.#...
#.# #..# ####.###.#....###.####
#.###..# #.# #.#......#.####
..#....# #.# #.#......#.....
###.#.## #.###.####...######
###.#.##### #.@.o........# .
....#.#...# ####.####o...# .
....#.#>..########.#..#....# ...
....#.+...'........#.##....######
......#...#######..#.##....'..#
......#...# #....###...##.#
......#...#######......'...##.#
.....[#...##.........#.#...+..###
......#...##.####....#.#...#####.


You could see an orc warrior and an orc priest.

Vanquished Creatures
  A scorpion (D:4)
  A jelly (D:2)
  2 orc wizards
  A worker ant (D:4)
  3 gnolls (D:3)
  8 adders
  An ooze (D:1)
  3 worms (D:3)
  A dart slug (D:1)
  4 leopard geckos
  6 orcs
  9 bats
  8 giant cockroaches
  5 goblins
  9 hobgoblins
  3 jackals (D:3)
  9 kobolds
  5 quokkas
  6 frilled lizards
  5 rats
90 creatures vanquished.

Notes
Turn   | Place    | Note
-------+----------+-------------------------------------------
     0 | D:1      | Morrissey the Merfolk Skald began the quest for the Orb.
     0 | D:1      | Reached XP level 1. HP: 16/16 MP: 3/3
   292 | D:1      | Reached XP level 2. HP: 15/23 MP: 0/5
   407 | D:1      | Learned a level 2 spell: Song of Slaying
   410 | D:1      | Learned a level 2 spell: Shroud of Golubria
   829 | D:1      | Reached XP level 3. HP: 28/28 MP: 6/6
  1367 | D:2      | Reached skill level 4 in Polearms
  1492 | D:2      | Reached XP level 4. HP: 34/34 MP: 2/7
  2034 | D:3      | Reached XP level 5. HP: 16/41 MP: 1/8
  2232 | D:3      | Learned a level 3 spell: Regeneration
  2552 | D:3      | Reached skill level 5 in Polearms
  3054 | D:3      | Found a white marble altar of Elyvilon.
  3261 | D:3      | Reached skill level 5 in Dodging
  3261 | D:3      | Reached XP level 6. HP: 39/47 MP: 5/9
  3594 | D:4      | Noticed an orc warrior
  4347 | D:4      | Reached skill level 6 in Polearms
  4508 | D:4      | Killed from afar by an orc priest

Skill      XL: |  1  2  3  4  5  6 |
---------------+-------------------+-----
Dodging        | 3 4 5 |  5.5
Polearms       | 4 5 6 |  6.1
Fighting       | 3 |  3.6
Charms         | 4 |  4.4
Armour         | |  0.6
Spellcasting   | |  2.0

Action                   |  1- 3 |  4- 6 || total
-------------------------+-------+-------++-------
Melee: Spear             |   134 |   369 ||   503
 Cast: Infusion          |     3 |     4 ||     7
       Shroud of Golubri |     7 |    35 ||    42
       Song of Slaying   |     1 |     5 ||     6
 Stab: Sleeping          |       |     3 ||     3
  Eat: Chunk             |     3 |    13 ||    16
Armor: Leather armour    |    29 |    69 ||    98
Dodge: Dodged            |    59 |   201 ||   260
